 Dungeon Crawl Stone Soup version 0.29-a0-397-g846e4a0bbc (webtiles) character file.

Game seed: 11902514116527390731

116322 dolemite99 the Slinger (level 16, -10/125 HPs)
             Began as a Gnoll Earth Elementalist on May 11, 2022.
             Was a Believer of Yredelemnul.
             Killed from afar by dolemite99's illusion (illusionary) (37 damage)
             ... with a blast of rock fragments
             ... woven by Mara
             ... on level 3 of the Spider Nest.
             The game lasted 01:11:51 (46003 turns).

dolemite99 the Slinger (Gnoll Earth Elementalist)  Turns: 46003, Time: 01:11:52

Health: -10/125    AC:  6    Str:  7    XL:     16   Next: 71%
Magic:  15/32      EV: 19    Int: 22    God:    Yredelemnul [**....]
Gold:   743        SH: 13    Dex: 20    Spells: 4/39 levels left

rFire   + . .      SeeInvis .   a - staff of earth
rCold   + . .      Faith    .   n - +0 buckler
rNeg    . . .      Spirit   .   G - +2 leather armour {rPois}
rPois   +          Reflect  +   E - +0 helmet
rElec   .          Harm     .   Z - scarf {rC+ rF+}
rCorr   .          Rampage  .   I - +1 pair of gloves
Will    +....                   v - +2 pair of boots
Stlth   +++++.....              m - amulet of reflection
HPRegen 0.30/turn               o - +6 ring of dexterity
MPRegen 0.23/turn               (no ring)

@: lethally poisoned (-10 -> -11), corroded, studying Slings
A: fangs 1, strong nose, distributed training
a: Renounce Religion, Recall Undead Harvest, Dark Bargain


You were on level 3 of the Spider Nest.
You worshipped Yredelemnul.
Yredelemnul was pleased with you.
You visited 6 branches of the dungeon, and saw 28 of its levels.

You collected 3790 gold pieces.
You spent 3047 gold pieces at shops.

Inventory:

Hand Weapons
 b - a +6 vorpal hand crossbow
 t - a +2 vampiric war axe
 y - a +4 trident of freezing
 B - a +2 rapier of electrocution
Missiles
 S - a throwing net
 U - 5 javelins (quivered)
Armour
 n - a +0 buckler (worn)
 v - a +2 pair of boots (worn)
 E - a +0 helmet (worn)
 G - a +2 leather armour of poison resistance (worn)
 I - a +1 pair of gloves (worn)
 L - a +0 kite shield
 Z - a scarf of resistance (worn)
Magical Staves
 a - a staff of earth (weapon)
 c - a staff of death
Jewellery
 g - an amulet of magic regeneration
 m - an amulet of reflection (around neck)
 o - a +6 ring of dexterity (left hand)
 s - a +6 ring of dexterity
 C - a +6 ring of strength
 Q - a +6 ring of strength
 Y - a ring of protection from fire
Wands
 i - a wand of polymorph (10)
 w - a wand of mindburst (8)
 x - a wand of flame (11)
 H - a wand of paralysis (8)
 M - a wand of charming (8)
 W - a wand of digging (1)
Scrolls
 d - 17 scrolls of teleportation
 k - 3 scrolls of fear
 q - 5 scrolls of fog
 r - 2 scrolls of poison
 D - 2 scrolls of blinking
 F - a scroll of enchant armour
 K - 2 scrolls of silence
 N - 9 scrolls of identify {@r1}
 O - a scroll of amnesia
 T - 5 scrolls of immolation
Potions
 e - 2 potions of resistance
 f - 4 potions of berserk rage
 h - 4 potions of lignification
 l - 5 potions of brilliance
 p - 4 potions of haste
 u - 7 potions of curing
 z - 7 potions of might
 A - 4 potions of ambrosia
 J - 2 potions of heal wounds
 P - 2 potions of cancellation
 R - a potion of magic
 V - a potion of flight
Miscellaneous
 j - a tin of tremorstones (2/2)
 X - a lightning rod (1/4)


   Skills:
 + Level 11.1 Fighting
 + Level 11.1 Short Blades
 + Level 11.1 Long Blades
 + Level 11.1 Axes
 + Level 11.1 Maces & Flails
 + Level 11.1 Polearms
 + Level 11.1 Staves
 + Level 12.6 Slings
 + Level 11.1 Bows
 + Level 11.1 Crossbows
 + Level 11.1 Throwing
 + Level 11.1 Armour
 + Level 12.0 Dodging
 + Level 11.8 Stealth
 + Level 11.1 Shields
 + Level 11.1 Unarmed Combat
 + Level 12.1 Spellcasting
 + Level 9.3 Conjurations
 + Level 9.3 Hexes
 + Level 9.3 Summonings
 + Level 9.3 Necromancy
 + Level 9.3 Translocations
 + Level 9.6 Transmutations
 + Level 9.3 Fire Magic
 + Level 9.3 Ice Magic
 + Level 9.3 Air Magic
 + Level 10.8 Earth Magic
 + Level 9.3 Poison Magic
 + Level 12.1 Invocations
 + Level 11.1 Evocations


You had 4 spell levels left.
You knew the following spells:

 Your Spells              Type           Power      Damage    Failure   Level
a - Stone Arrow           Conj/Erth      100%       3d13      1%          3
b - Fireball              Conj/Fire      26%        3d12      4%          5
c - Summon Lightning Spi  Summ/Air       53%        N/A       1%          4
d - Olgreb's Toxic Radia  Pois           53%        N/A       1%          4
e - Lee's Rapid Deconstr  Erth           37%        3d20*     2%          5
f - Freezing Cloud        Conj/Ice/Air   26%        6-21      4%          5
g - Anguish               Hex/Necr       26%        N/A       1%          4
h - Lightning Bolt        Conj/Air       26%        1d42      4%          5

Your spell library contained the following spells:

 Spells                   Type           Power      Damage    Failure   Level
 Foxfire                  Conj/Fire      100%       2x1d9     1%          1
 Sandblast                Erth           100%       2d20      1%          1
 Sting                    Tmut/Pois      100%       1d8       1%          1
 Blink                    Tloc           100%       N/A       1%          2
 Corpse Rot               Necr/Air       100%       N/A       1%          2
 Ensorcelled Hibernation  Hex/Ice        100%       N/A       1%          2
 Passwall                 Tmut/Erth      60%        N/A       1%          2
 Poisonous Vapours        Pois/Air       100%       N/A       1%          2
 Conjure Flame            Conj/Fire      53%        6-21      1%          3
 Dazzling Flash           Conj/Hex       100%       N/A       1%          3
 Inner Flame              Hex/Fire       53%        N/A       1%          3
 Lesser Beckoning         Tloc           53%        N/A       1%          3
 Spider Form              Tmut/Pois      53%        N/A       1%          3
 Summon Guardian Golem    Hex/Summ       53%        N/A       1%          3
 Tukima's Dance           Hex            53%        N/A       1%          3
 Dispel Undead            Necr           53%        3d19      1%          4
 Flame Wave               Conj/Fire      53%        2d11      1%          4
 Fulminant Prism          Conj/Hex       26%        3d14      1%          4
 Iskenderun's Mystic Bla  Conj/Tloc      53%        2d11      1%          4
 Passage of Golubria      Tloc           53%        N/A       1%          4
 Petrify                  Tmut/Erth      73%        N/A       1%          4
 Sticky Flame             Conj/Fire      53%        2d7       1%          4
 Iskenderun's Battlesphe  Conj           53%        2d10      4%          5
 Manifold Assault         Tloc           53%        N/A       4%          5
 Silence                  Hex/Air        26%        N/A       4%          5
 Yara's Violent Unravell  Hex/Tmut       26%        3d11      4%          5
 Conjure Ball Lightning   Conj/Air       26%        3x3d7     26%         6
 Starburst                Conj/Fire      26%        6d8       26%         6
 Malign Gateway           Summ/Tloc      26%        N/A       80%         7
 Orb of Destruction       Conj           26%        9d9       80%         7
 Spellforged Servitor     Conj/Summ      26%        N/A       80%         7
 Storm Form               Tmut/Air       26%        N/A       80%         7
 Lehudib's Crystal Spear  Conj/Erth      36%        10d9      100%        8
 Summon Horrible Things   Summ           26%        N/A       100%        8
 Death Channel            Necr           Unusable   N/A       N/A         6

Dungeon Overview and Level Annotations

Branches:
Dungeon (15/15)            Temple (1/1) D:5            Lair (6/6) D:11
  Swamp (1/4) Lair:4       Spider (3/4) Lair:3        Slime (0/5) Lair:6
    Orc (2/2) D:10            Elf (0/3) Orc:2        Vaults (0/5) D:13
 Depths (0/4) D:15

Altars:
Ashenzari
Cheibriados
Dithmenos
Elyvilon
Fedhas
Gozag
Hepliaklqana
Kikubaaqudgha
Makhleb
Nemelex Xobeh
Okawaru
Qazlal
Ru
Sif Muna
Trog
Uskayaw
Vehumet
Wu Jian
Xom
Yredelemnul
Zin
The Shining One
Beogh
Jiyva

Shops:
D:4 (   D:5 *   D:15 =   Orc:1 (   Orc:2 (?:*[(:

Portals:
Pandemonium: Orc:2

Annotations:
D:10 Erolcha
D:11 1 runed translucent door, Foxy's ghost, journeyman PaFi
Lair:1 exclusion: oklob plant
Lair:4 Rupert
Lair:5 exclusion: oklob plant
Lair:6 1 runed translucent door
Spider:3 Mara


Innate Abilities, Weirdness & Mutations

You have very sharp teeth.
Your uncanny sense of smell can sniff out nearby items.
Your experience applies equally to all skills.


Message History

Confirm with . or Enter, or press ? or * to list all spells.
Aiming: Stone Arrow (safe; 1% risk of failure)
Press: ? - help, Shift-Dir - straight line, f/p - Mara
Aim: Mara, wielding a +1 demon whip of freezing and wearing a +2 robe (lightly wounded, ally target, 66% to hit)
You feel a surge of power!
The stone arrow hits Mara!
Mara is lightly wounded.
Your wolf spider zombie barely misses Mara.
Your wolf spider zombie bites Mara but does no damage.
Mara gestures at you.
There is a horrible, sudden wrenching feeling in your soul!
Your wolf spider zombie hits Mara.
Your wolf spider zombie bites Mara but does no damage.
Mara hits you with a +1 demon whip of freezing!!
Mara freezes you.
Dolemite99's illusion casts a spell.
Dolemite99's illusion begins to radiate toxic energy.
Dolemite99's illusion attacks as you move away!
Dolemite99's illusion hits you.
Something hits Mara!
Something bites Mara but does no damage. x2
Mara blinks!
Mara hits you with a +1 demon whip of freezing!!
Mara freezes you.
Something bites Mara.
Something misses Mara.
Your wolf spider zombie hits Mara!
Your wolf spider zombie closely misses Mara.
Mara attacks as you move away! You block Mara's attack.
Mara blinks!
You are poisoned.
Dolemite99's illusion gestures at you while chanting.
The bolt of lightning hits you!!
* * * LOW HITPOINT WARNING * * *
You feel sick.
* * * LOW HITPOINT WARNING * * *
Mara blinks!
Dolemite99's illusion gestures at you while chanting.
The stone arrow misses you.
You feel sick.
* * * LOW HITPOINT WARNING * * *
Dolemite99's illusion points next to you and mumbles some strange words.
The wall shatters!
The blast of rock fragments hits you!!!
You die...
Your body rises from the dead as a mindless zombie.

* **≈≈*≈≈***#..#.##....§## *
******.,#..#...#.##.## *
##...##..#...#..##
*..#..##...##.#..## *
*#...###...#.#..#.# *
*####.......#.#.R#...##### *
###....##.#..^.##§.@#....#.#
***...#.....##.#....##.Z#....##
,***.#...#......@..###........#
**#*#..#.#..#.<##R..#..#.#.#.##
,*#.#..#.....#.#.###..#.###..##
##.#...#.###..#.#....##.......#
......^..Z.##...#..........##.#
##...##.#..#........######.####
#..,,*###.#..^....#.# ###
.,**** ##...#.......#* ,**
#...######....#


You could see 2 Maras and dolemite99's illusion (toxic aura).

Vanquished Creatures
  An entropy weaver (Spider:2)
  A boulder beetle (Spider:2)
  6 hydras
  A jorogumo (Spider:2)
  A catoblepas (Lair:4)
  4 centaur warriors
  2 dancing weapons (D:13)
  2 demonspawn (Orc:2)
  4 two-headed ogres
  2 death yaks (Lair:6)
  A tengu warrior (D:14)
  3 orc high priests (Orc:2)
  A sun demon (Orc:2)
  Lodul (D:10)
  4 orb spiders
  A sun moth (Spider:2)
  Pikel (D:5)
  A deep elf zephyrmancer (D:15)
  A deep elf archer (D:15)
  2 deep elf pyromancers
  5 orc knights
  6 orc sorcerers (Orc:2)
  2 wolf spiders
  4 manticores
  10 ugly things
  4 cyclopes
  A moth of wrath (Spider:1)
  2 torpor snails
  2 black mambas
  2 centaur zombies
  2 gargoyles
  An unseen horror (shapeshifter) (D:14)
  3 cane toads
  A rime drake (Lair:2)
  6 komodo dragons
  3 kobold demonologists
  2 unseen horrors (D:12)
  A freezing wraith (D:12)
  3 meliai (D:13)
  2 trolls
  10 tarantellas
  5 slime creatures
  A blink frog (Lair:5)
  9 jumping spiders
  A meliai zombie (D:11)
  Sigmund (D:5)
  8 culicivoras
  4 wyverns
  3 shadows
  2 wraiths (D:12)
  A vampire (D:12)
  4 basilisks
  24 yaks
  A ynoxinul (Orc:2)
  A fire elemental (D:12)
  8 vampire mosquitoes
  A neqoxec (Orc:2)
  3 steam dragons
  A chaos spawn (Orc:2)
  19 redbacks
  A warg (Orc:2)
  3 acid dragons
  7 water moccasins
  2 nameless horrors (D:9)
  22 orc warriors
  3 sky beasts (D:7)
  2 black bears
  2 ice beasts (D:6)
  12 ogres
  2 wolves (Lair:5)
  14 centaurs
  7 kobold brigands
  9 bullfrogs
  4 necrophages
  3 scorpions
  A gnoll sergeant (D:7)
  13 wights
  5 killer bees (D:9)
  5 electric eels
  9 howler monkeys
  A lava snake (D:12)
  A jelly (D:5)
  4 hounds
  20 orc priests
  4 iguanas
  6 orc wizards
  A mummy (D:11)
  8 adders
  10 gnolls
  6 white imps
  3 ufetubi
  A worm (D:2)
  A dart slug (D:2)
  64 orcs
  8 ball pythons
  4 bats
  7 endoplasms
  4 giant cockroaches
  11 goblins
  7 hobgoblins
  4 jackals (D:5)
  9 quokkas
  2 frilled lizards
  A goblin zombie (D:15)
  30 kobolds
  4 rats
556 creatures vanquished.

Vanquished Creatures (collateral kills)
  An emperor scorpion (Spider:1)
  An entropy weaver (Spider:3)
  A spark wasp (Spider:2)
  A dire elephant (shapeshifter) (D:15)
  A great orb of eyes (D:15)
  A hydra (D:11)
  A boulder beetle (D:12)
  A demonspawn (Orc:2)
  Harold (D:10)
  2 centaur warriors (D:15)
  Erica (D:10)
  4 catoblepae (Lair:6)
  A two-headed ogre (D:9)
  2 jorogumos
  5 death yaks (Lair:6)
  2 radroaches (Spider:1)
  An orc high priest (Orc:2)
  A sun moth (Spider:2)
  A pharaoh ant (Spider:1)
  3 orb spiders (Spider:1)
  A deep elf archer (D:15)
  A deep elf pyromancer (D:15)
  5 wolf spiders
  2 orc sorcerers
  4 ugly things (D:15)
  2 manticores
  5 black mambas
  4 cane toads
  2 gargoyles
  9 komodo dragons
  4 torpor snails
  5 demonic crawlers
  3 rime drakes
  A yaktaur (D:12)
  2 tarantellas (Spider:1)
  A polar bear (Lair:6)
  4 blink frogs (Lair:5)
  Prince Ribbit (D:9)
  3 slime creatures
  5 jumping spiders (Spider:2)
  A shadow (D:12)
  9 culicivoras
  5 wyverns
  A wraith (D:9)
  21 yaks
  2 basilisks
  3 vampire mosquitoes (Lair:4)
  12 redbacks
  An acid dragon (D:9)
  7 orc warriors
  8 water moccasins
  9 ogres
  2 wolves (Lair:5)
  A phantom (D:7)
  A kobold brigand (D:8)
  A nameless horror (D:9)
  2 bullfrogs (Lair:2)
  2 scorpions
  A necrophage (D:11)
  3 wights
  A killer bee (D:9)
  An electric eel (D:11)
  2 howler monkeys (D:9)
  7 orc priests
  4 orc wizards
  A gnoll (D:7)
  20 orcs
  4 kobolds
228 creatures vanquished.

Vanquished Creatures (others)
  An entropy weaver zombie (Spider:2)
  5 wolf spider zombies
  A jorogumo zombie (Spider:3)
  3 ugly thing zombies
  3 spectral slime creatures
  2 death yak zombies (Lair:6)
  2 spectral unseen horrors
  2 catoblepas zombies (Lair:6)
  An orb spider zombie (Spider:1)
  4 redback zombies
  2 demonic crawler zombies
  A hydra zombie (Lair:6)
  2 tarantella zombies (Spider:2)
  8 jumping spider zombies
  6 culicivora zombies
  A meliai zombie (D:13)
  3 black mamba zombies
  A demonspawn zombie (Orc:2)
  2 cane toad zombies
  3 manticore zombies
  2 blink frog zombies (Lair:5)
  An elf zombie (D:15)
  2 human zombies (D:10)
  A rime drake zombie (Lair:6)
  A spectral neqoxec (Orc:2)
  A spectral ynoxinul (Orc:2)
  3 komodo dragon zombies
  A necrophage (D:11)
  A wyvern zombie (D:11)
  3 water moccasin zombies
  A polar bear zombie (Lair:6)
  A warg zombie (Orc:2)
  A spectral ice beast (D:6)
  18 yak zombies
  A wolf zombie (Lair:5)
  6 centaur zombies
  4 bullfrog zombies
  A scorpion zombie (D:7)
  A basilisk zombie (D:12)
  An orc wizard (D:7)
  2 killer bee zombies (D:9)
  An acid dragon zombie (D:9)
  2 necrophage zombies (D:11)
  A sky beast zombie (D:7)
  4 ogre zombies
  A hound zombie (D:7)
  4 howler monkey zombies
  A gnoll zombie (D:7)
  An adder zombie (D:6)
  An electric eel zombie (Spider:2)
  An iguana zombie (D:6)
  A lava snake zombie (D:12)
  3 spectral white imps
  A goblin zombie (D:15)
  11 kobold zombies
  50 orc zombies
  46 fungi
  85 plants
  9 withered plants (D:11)
329 creatures vanquished.

Grand Total: 1113 creatures vanquished

Notes
Turn   | Place    | Note
-------+----------+-------------------------------------------
     0 | D:1      | dolemite99 the Gnoll Earth Elementalist began the quest for
                  | the Orb.
     0 | D:1      | Reached XP level 1. HP: 13/13 MP: 6/6
    84 | D:1      | Reached XP level 2. HP: 18/19 MP: 2/7
   930 | D:1      | Reached XP level 3. HP: 25/25 MP: 7/9
  1199 | D:1      | Reached skill level 5 in Spellcasting
  1434 | D:2      | Reached skill level 1 in Invocations
  1491 | D:2      | Reached skill level 1 in Fighting
  1491 | D:2      | Reached skill level 1 in Short Blades
  1491 | D:2      | Reached skill level 1 in Long Blades
  1491 | D:2      | Reached skill level 1 in Axes
  1491 | D:2      | Reached skill level 1 in Maces & Flails
  1491 | D:2      | Reached skill level 1 in Polearms
  1491 | D:2      | Reached skill level 1 in Staves
  1491 | D:2      | Reached skill level 1 in Slings
  1491 | D:2      | Reached skill level 1 in Bows
  1491 | D:2      | Reached skill level 1 in Crossbows
  1491 | D:2      | Reached skill level 1 in Throwing
  1491 | D:2      | Reached skill level 1 in Armour
  1491 | D:2      | Reached skill level 1 in Shields
  1491 | D:2      | Reached skill level 1 in Unarmed Combat
  1491 | D:2      | Reached skill level 1 in Evocations
  1645 | D:2      | Reached XP level 4. HP: 32/32 MP: 8/11
  2246 | D:2      | Reached skill level 1 in Conjurations
  2246 | D:2      | Reached skill level 1 in Hexes
  2246 | D:2      | Reached skill level 1 in Summonings
  2246 | D:2      | Reached skill level 1 in Necromancy
  2246 | D:2      | Reached skill level 1 in Translocations
  2246 | D:2      | Reached skill level 1 in Fire Magic
  2246 | D:2      | Reached skill level 1 in Ice Magic
  2246 | D:2      | Reached skill level 1 in Air Magic
  2246 | D:2      | Reached skill level 1 in Poison Magic
  2535 | D:2      | Learned a level 1 spell: Sandblast
  2539 | D:2      | Learned a level 3 spell: Stone Arrow
  2574 | D:3      | Reached XP level 5. HP: 33/37 MP: 8/12
  2781 | D:3      | Got the Guide on Attacks
  3815 | D:4      | Found Wats's Weapon Shop.
  3817 | D:4      | Bought 23 stones for 27 gold pieces
  3817 | D:4      | Bought 17 stones for 20 gold pieces
  3850 | D:3      | You fall into a shaft and drop 1 floor!
  3858 | D:4      | Reached XP level 6. HP: 40/44 MP: 7/13
  3913 | D:4      | Noticed a black bear
  3920 | D:4      | Killed a black bear
  3921 | D:4      | Reached skill level 5 in Dodging
  4493 | D:4      | Reached XP level 7. HP: 44/50 MP: 12/15
  5094 | D:5      | Entered Level 5 of the Dungeon
  5094 | D:5      | Noticed Sigmund
  5187 | D:5      | Noticed Pikel
  5201 | D:5      | Killed Pikel
  5202 | D:5      | Reached skill level 5 in Stealth
  5202 | D:5      | Reached XP level 8. HP: 31/58 MP: 0/16
  5611 | D:5      | Found a staircase to the Ecumenical Temple.
  5868 | Temple   | Entered the Ecumenical Temple
  6061 | Temple   | Became a worshipper of Yredelemnul the Dark
  6852 | D:5      | Reached * piety under Yredelemnul
  6856 | D:5      | Killed Sigmund
  6922 | D:5      | Found Suniom's Elemental Accessories.
  7120 | D:6      | Reached XP level 9. HP: 65/65 MP: 14/18
  7881 | D:6      | Reached ** piety under Yredelemnul
  8316 | D:7      | Reached skill level 5 in Invocations
  8911 | D:7      | Reached XP level 10. HP: 52/73 MP: 15/20
  9533 | D:7      | Reached skill level 5 in Fighting
  9533 | D:7      | Reached skill level 5 in Short Blades
  9533 | D:7      | Reached skill level 5 in Long Blades
  9533 | D:7      | Reached skill level 5 in Axes
  9533 | D:7      | Reached skill level 5 in Maces & Flails
  9533 | D:7      | Reached skill level 5 in Polearms
  9533 | D:7      | Reached skill level 5 in Staves
  9533 | D:7      | Reached skill level 5 in Slings
  9533 | D:7      | Reached skill level 5 in Bows
  9533 | D:7      | Reached skill level 5 in Crossbows
  9533 | D:7      | Reached skill level 5 in Throwing
  9533 | D:7      | Reached skill level 5 in Armour
  9533 | D:7      | Reached skill level 5 in Shields
  9533 | D:7      | Reached skill level 5 in Unarmed Combat
  9533 | D:7      | Reached skill level 5 in Evocations
 12141 | D:8      | Reached skill level 5 in Transmutations
 12492 | D:8      | Reached *** piety under Yredelemnul
 12707 | D:8      | Reached **** piety under Yredelemnul
 12727 | D:8      | Reached XP level 11. HP: 72/81 MP: 18/22
 13271 | D:5      | Bought the Papyrus of Fixation for 456 gold pieces
 13280 | D:5      | Learned a level 4 spell: Summon Lightning Spire
 13285 | D:5      | Learned a level 4 spell: Olgreb's Toxic Radiance
 13453 | D:9      | Noticed Prince Ribbit
 13894 | D:9      | Killed Prince Ribbit
 13895 | D:9      | Reached skill level 5 in Conjurations
 13895 | D:9      | Reached skill level 5 in Hexes
 13895 | D:9      | Reached skill level 5 in Summonings
 13895 | D:9      | Reached skill level 5 in Necromancy
 13895 | D:9      | Reached skill level 5 in Translocations
 13895 | D:9      | Reached skill level 5 in Fire Magic
 13895 | D:9      | Reached skill level 5 in Ice Magic
 13895 | D:9      | Reached skill level 5 in Air Magic
 13895 | D:9      | Reached skill level 5 in Poison Magic
 13974 | D:9      | Noticed a two-headed ogre
 13989 | D:9      | Killed a two-headed ogre
 14382 | D:9      | Found a radiant altar of Vehumet.
 15459 | D:10     | Entered Level 10 of the Dungeon
 15497 | D:10     | Noticed Harold
 15504 | D:10     | Paralysed by Harold for 5 turns
 15508 | D:10     | Killed Harold
 15607 | D:10     | Found a staircase to the Orcish Mines.
 15617 | D:10     | Noticed Erolcha
 15736 | D:10     | Noticed a two-headed ogre
 16089 | D:10     | Noticed Lodul
 16104 | D:10     | Your ally Harold died
 16476 | D:10     | Noticed Erica
 16483 | D:10     | Killed Erica
 16575 | D:10     | Your ally Erica died
 16831 | D:10     | Killed Lodul
 17778 | D:10     | Killed a two-headed ogre
 17779 | D:10     | Reached XP level 12. HP: 89/89 MP: 13/24
 18337 | D:11     | Found a staircase to the Lair.
 18337 | D:11     | Identified the +7 short sword of Fokala {drain, Fragile
                  | rPois rC- rN+++}
 18337 | D:11     | Noticed a two-headed ogre
 19105 | D:11     | Noticed a seven-headed hydra
 19112 | D:11     | Killed a seven-headed hydra
 19724 | D:11     | Killed a two-headed ogre
 19871 | D:11     | Found a runed translucent door.
 19875 | D:11     | Noticed Foxy's ghost (journeyman PaFi)
 20021 | Lair:1   | Entered Level 1 of the Lair of Beasts
 20383 | Lair:1   | Found an ancient bone altar of Kikubaaqudgha.
 20905 | Lair:1   | Noticed an eight-headed hydra
 20918 | Lair:1   | Killed an eight-headed hydra
 21742 | Lair:2   | Noticed an eight-headed hydra
 21759 | Lair:2   | Killed an eight-headed hydra
 22234 | Lair:2   | Reached XP level 13. HP: 98/98 MP: 22/26
 22677 | Lair:2   | Found the +4 skin of Zhor {*Englaciate rC+++ SInv}
 22734 | Lair:2   | Reached ***** piety under Yredelemnul
 23444 | Lair:3   | Found a hole to the Spider Nest.
 24633 | Lair:4   | Found a staircase to the Swamp.
 24724 | Lair:4   | Noticed Rupert
 26980 | Lair:6   | Entered Level 6 of the Lair of Beasts
 27114 | Lair:6   | Reached skill level 10 in Spellcasting
 27244 | Lair:6   | Reached ****** piety under Yredelemnul
 27280 | Lair:6   | Reached skill level 10 in Dodging
 27283 | Lair:6   | Reached XP level 14. HP: 61/106 MP: 10/28
 27740 | Lair:6   | Reached skill level 10 in Stealth
 27920 | Lair:6   | Reached skill level 10 in Invocations
 28351 | Lair:6   | Found a runed translucent door.
 28352 | Lair:6   | Found a viscous altar of Jiyva.
 28352 | Lair:6   | Noticed an acid blob
 28354 | Lair:6   | Found a staircase to the Slime Pits.
 28354 | Lair:6   | Noticed an acid blob
 30550 | D:12     | Identified the +2 ring mail "Qikhiq" {+Inv}
 31100 | D:5      | Bought a tin of tremorstones (2/2) for 480 gold pieces
 31339 | Orc:1    | Entered Level 1 of the Orcish Mines
 31451 | Orc:2    | Entered Level 2 of the Orcish Mines
 31870 | Orc:2    | Found Arar's Antique Weapon Shoppe.
 32194 | Orc:1    | Found Elilon's Antique Weapon Emporium.
 33181 | Orc:2    | Found Waidic's Magic Scroll Shop.
 33420 | Orc:2    | Found Laotuoss's General Store.
 33621 | Orc:2    | Bought a scroll of blinking for 127 gold pieces
 33621 | Orc:2    | Bought a wand of mindburst (11) for 255 gold pieces
 33629 | Orc:2    | Reached skill level 10 in Slings
 34497 | Orc:2    | Reached XP level 15. HP: 115/115 MP: 22/29
 35469 | Orc:2    | Reached skill level 10 in Earth Magic
 35754 | Orc:2    | Found Siat Hox's Antique Armour Emporium.
 35754 | Orc:2    | Found Paadwet's Book Shoppe.
 35755 | Orc:2    | Found a one-way gate leading to the halls of Pandemonium.
 35804 | Orc:2    | Learned a level 5 spell: Lee's Rapid Deconstruction
 35810 | Orc:2    | Learned a level 5 spell: Freezing Cloud
 35816 | Orc:2    | Learned a level 4 spell: Dispel Undead
 35816 | Orc:2    | Bought a book of Dreams for 384 gold pieces
 35821 | Orc:2    | Learned a level 4 spell: Anguish
 35827 | Orc:2    | Learned a level 5 spell: Lightning Bolt
 35916 | Orc:2    | Found Beulif's Book Boutique.
 36004 | Orc:2    | Found a staircase to the Elven Halls.
 36010 | Orc:2    | Found Sahu Aci's Antique Weapon Emporium.
 36096 | Orc:2    | Bought a scroll of fear for 49 gold pieces
 36096 | Orc:2    | Bought a scroll of teleportation for 42 gold pieces
 36096 | Orc:2    | Bought a scroll of teleportation for 42 gold pieces
 36096 | Orc:2    | Bought 2 scrolls of teleportation for 84 gold pieces
 36128 | Orc:2    | Bought a scroll of enchant weapon for 105 gold pieces
 36128 | Orc:2    | Bought a scroll of identify for 28 gold pieces
 36128 | Orc:2    | Bought a scroll of identify for 28 gold pieces
 36128 | Orc:2    | Bought a scroll of identify for 28 gold pieces
 36128 | Orc:2    | Bought a scroll of identify for 28 gold pieces
 36452 | D:13     | Reached skill level 10 in Fighting
 36452 | D:13     | Reached skill level 10 in Short Blades
 36452 | D:13     | Reached skill level 10 in Long Blades
 36452 | D:13     | Reached skill level 10 in Axes
 36452 | D:13     | Reached skill level 10 in Maces & Flails
 36452 | D:13     | Reached skill level 10 in Polearms
 36452 | D:13     | Reached skill level 10 in Staves
 36452 | D:13     | Reached skill level 10 in Bows
 36452 | D:13     | Reached skill level 10 in Crossbows
 36452 | D:13     | Reached skill level 10 in Throwing
 36452 | D:13     | Reached skill level 10 in Armour
 36452 | D:13     | Reached skill level 10 in Shields
 36452 | D:13     | Reached skill level 10 in Unarmed Combat
 36452 | D:13     | Reached skill level 10 in Evocations
 36837 | D:13     | Found a gate to the Vaults.
 37760 | D:14     | Identified a scroll of acquirement
 37768 | D:14     | Acquired 1161 gold pieces
 38519 | Orc:2    | Bought a book of the Spheres for 864 gold pieces
 38526 | Orc:2    | Learned a level 5 spell: Fireball
 38686 | D:15     | Entered Level 15 of the Dungeon
 39699 | D:15     | Found Jooduodi's Jewellery Emporium.
 39936 | D:15     | Paralysed by a great orb of eyes for 2 turns
 40185 | D:15     | Noticed a sphinx
 40193 | D:15     | Noticed a shadow dragon
 40193 | D:15     | a sphinx changed into a shadow dragon
 40197 | D:15     | a shadow dragon changed into an eleionoma
 40320 | D:15     | Found an iron altar of Okawaru.
 41037 | D:15     | Found a staircase to the Depths.
 41499 | Swamp:1  | Entered Level 1 of the Swamp
 41557 | Spider:1 | Entered Level 1 of the Spider Nest
 41882 | Spider:1 | Reached XP level 16. HP: 110/123 MP: 14/31
 45976 | Spider:3 | Noticed Mara
 45997 | Spider:3 | Noticed dolemite99's illusion
 46003 | Spider:3 | Killed from afar by dolemite99's illusion (illusionary)

Illustrated notes

Levels and vault maps discovered:
D:1:      lightli_iron_boxes, layout_basic, st_stairs_10
D:2:      layout_basic, minmay_tiny_reverse_x
D:3:      layout_rooms, ebering_ecumenical_altar_hall
D:4:      minmay_skewed_foursquare, layout_cave_pods, serial_shops,
          nicolae_shop_trees, dk_noncrumbling_2, minmay_misc_feat_rows
D:5:      layout_basic, temple_green, nicolae_elemental_shop, uniq_pikel,
          uniq_sigmund
D:6:      layout_basic
D:7:      layout_basic, minmay_alternating_orb
D:8:      layout_loops_ring, special_room [special_room_orc]
D:9:      layout_cave_pods, old_standard_altar, minmay_misc_feat_secret_circle,
          uniq_prince_ribbit1
D:10:     layout_loops_ring, orc_0_dummy, roderic_lattice_a, minmay_liquid_box,
          nicolae_straight_to_the_point, uniq_harold, uniq_lodul, uniq_erolcha,
          uniq_erica
D:11:     layout_loops_ring, minmay_lair_entry_grove, serial_undead,
          serial_undead_f, serial_undead_b, serial_undead_f, serial_undead_f,
          serial_undead_c, serial_undead_b, ebering_ghost_reflecting_pool,
          grunt_decor_cap, minmay_misc_feat_x
D:12:     layout_basic, small_chamber_with_monster, minmay_joined_circles
D:13:     layout_loops_corners, erik_vaults_1
D:14:     layout_basic
D:15:     gammafunk_enter_depths_forms, layout_rooms, serial_shops,
          nicolae_lakefront_shop, kennysheep_okawaru_gauntlet
Temple:   mainiacjoe_temple_starburst
Lair:1:   layout_loops_ring, st_stairs_13, lemuel_oklob_altar,
          grunt_megastairs_1
Lair:2:   layout_gridlike, serial_bayou_pond_c, minivault_19,
          hellmonk_guarded_unrand_zhor, grunt_megastairs_3,
          infiniplex_staircase_pool
Lair:3:   layout_chaotic_city, spider_nest_entry_webs
Lair:4:   layout_cave_pods, minmay_swamp_entry_swarm, st_stairs_6,
          lookout_lair_type, uniq_rupert
Lair:5:   layout_layer_cave
Lair:6:   evilmike_catoblepas_cave, layout_cave_shapes, slime_altar_2,
          nicolae_quartered_pool_little
Swamp:1:  layout_basic_swamp, nicolae_swamp_round_clearing
Spider:1: layout_spider_delve, hangedman_spider_tarantella_strand
Spider:2: layout_spider_delve, drop_trap, nicolae_spider_webs_and_nodes
Spider:3: layout_spider_delve, nicolae_spider_wall_of_niches,
          nicolae_spider_cling_halls, uniq_mara
Orc:1:    layout_caves, basic_altar, serial_shops, nicolae_shop_stone
Orc:2:    pf_orc_diabolical, layout_caves, serial_shops, shop_statue,
          nicolae_shop_crystal, shop

Skill      XL: |  1  2  3  4  5  6  7  8  9 10 11 12 13 14 15 16 |
---------------+-------------------------------------------------+-----
Transmutations | 2 3 4 5 6 7 8 9 |  9.6
Spellcasting   | 5 6 7 8 9 10 11 12 | 12.1
Invocations    | 1 2 3 4 5 6 7 8 9 10 11 12 | 12.1
Fighting       | 1 2 3 4 5 6 7 8 9 10 11 | 11.1
Short Blades   | 1 2 3 4 5 6 7 8 9 10 11 | 11.1
Long Blades    | 1 2 3 4 5 6 7 8 9 10 11 | 11.1
Axes           | 1 2 3 4 5 6 7 8 9 10 11 | 11.1
Maces & Flails | 1 2 3 4 5 6 7 8 9 10 11 | 11.1
Polearms       | 1 2 3 4 5 6 7 8 9 10 11 | 11.1
Staves         | 1 2 3 4 5 6 7 8 9 10 11 | 11.1
Slings         | 1 2 3 4 5 6 7 8 10 11 12 | 12.6
Bows           | 1 2 3 4 5 6 7 8 9 10 11 | 11.1
Crossbows      | 1 2 3 4 5 6 7 8 9 10 11 | 11.1
Throwing       | 1 2 3 4 5 6 7 8 9 10 11 | 11.1
Armour         | 1 2 3 4 5 6 7 8 9 10 11 | 11.1
Shields        | 1 2 3 4 5 6 7 8 9 10 11 | 11.1
Unarmed Combat | 1 2 3 4 5 6 7 8 9 10 11 | 11.1
Evocations     | 1 2 3 4 5 6 7 8 9 10 11 | 11.1
Conjurations   | 1 2 3 4 5 6 7 8 9 |  9.3
Hexes          | 1 2 3 4 5 6 7 8 9 |  9.3
Summonings     | 1 2 3 4 5 6 7 8 9 |  9.3
Necromancy     | 1 2 3 4 5 6 7 8 9 |  9.3
Translocations | 1 2 3 4 5 6 7 8 9 |  9.3
Fire Magic     | 1 2 3 4 5 6 7 8 9 |  9.3
Ice Magic      | 1 2 3 4 5 6 7 8 9 |  9.3
Air Magic      | 1 2 3 4 5 6 7 8 9 |  9.3
Poison Magic   | 1 2 3 4 5 6 7 8 9 |  9.3
Dodging        | 5 6 7 8 9 10 11 12 | 12.0
Stealth        | 5 6 7 8 9 10 11 | 11.8
Earth Magic    | 6 7 8 9 10 | 10.8

Action                   |  1- 3 |  4- 6 |  7- 9 | 10-12 | 13-15 | 16-18 || total
-------------------------+-------+-------+-------+-------+-------+-------++-------
Melee: Unarmed           |     5 |     5 |     4 |       |       |       ||    14
       Bite              |       |     1 |     1 |     8 |     1 |       ||    11
       Short sword       |       |       |       |    64 |    14 |       ||    78
       Hand crossbow     |       |       |       |       |     1 |       ||     1
       Staff             |       |       |       |       |     4 |     1 ||     5
       Rapier            |       |       |       |       |       |     5 ||     5
 Fire: Hunting sling     |       |       |     3 |    71 |       |       ||    74
       Hand crossbow     |       |       |       |       |   255 |    11 ||   266
Throw: Dart              |       |       |       |    32 |    29 |       ||    61
       Javelin           |       |       |       |     2 |     5 |       ||     7
 Cast: Sandblast         |    50 |    85 |   140 |   122 |    57 |       ||   454
       Stone Arrow       |       |       |     8 |   142 |   182 |    24 ||   356
       Summon Lightning  |       |       |       |    32 |    54 |     5 ||    91
       Olgreb's Toxic Ra |       |       |       |    14 |   102 |    68 ||   184
       Freezing Cloud    |       |       |       |       |     2 |     1 ||     3
       Fireball          |       |       |       |       |       |     2 ||     2
Evoke: Wand              |       |       |     2 |    29 |    40 |     3 ||    74
       Lightning rod     |       |       |       |       |    14 |     4 ||    18
       Tin of tremorston |       |       |       |       |     4 |     1 ||     5
  Use: Scroll            |       |    14 |     4 |     6 |    18 |     1 ||    43
       Potion            |       |     2 |     2 |     3 |     1 |       ||     8
 Stab: Distracted        |       |       |       |     1 |       |       ||     1
       Paralysed         |       |       |       |       |     1 |       ||     1
Armor: Robe              |     7 |    12 |    36 |    39 |     2 |       ||    96
       Animal skin       |       |       |       |       |    53 |       ||    53
       Leather armour    |       |       |       |       |     1 |    14 ||    15
Dodge: Dodged            |    18 |    40 |    86 |   132 |   163 |    57 ||   496
Block: Other             |       |       |    31 |       |       |       ||    31
       Reflection        |       |       |     3 |    13 |    18 |     1 ||    35
       Buckler           |       |       |       |   128 |   127 |    44 ||   299

Table legend: (Time is in decaauts)
 A = Elapsed time spent in this place.
 B = Non-inter-level travel time spent in this place.
 C = Inter-level travel time spent in this place.
 D = Time resting spent in this place.
 E = Time spent auto-exploring this place.
 F = Levels seen in this place.
 G = Mean time per level.
                   A        B        C        D        E       F      G
               +--------+--------+--------+--------+--------+-----+--------+
         Total |  46071 |  42881 |   3190 |  14622 |  20813 |  28 | 1645.4 |
       Dungeon |  26838 |  24703 |   2135 |   8496 |  11927 |  15 | 1789.2 |
        Temple |    628 |    518 |    110 |      0 |    497 |   1 |  628.0 |
          Lair |   9211 |   8501 |    710 |   1613 |   5465 |   6 | 1535.2 |
         Swamp |      1 |      0 |      1 |      0 |      0 |   1 |    1.0 |
   Spider Nest |   4462 |   4434 |     28 |   2249 |   1540 |   3 | 1487.3 |
  Orcish Mines |   4929 |   4726 |    203 |   2264 |   1383 |   2 | 2464.5 |
               +--------+--------+--------+--------+--------+-----+--------+

Top non-repeatable levels by time:
   Orc:2: 4283 daAuts
Spider:1: 3083 daAuts
    D:10: 2916 daAuts
     D:8: 2554 daAuts
     D:6: 2236 daAuts
     D:7: 2186 daAuts
    D:15: 2100 daAuts
    D:12: 1865 daAuts
     D:9: 1844 daAuts
    D:11: 1814 daAuts
     D:4: 1702 daAuts
  Lair:5: 1686 daAuts
  Lair:6: 1677 daAuts
     D:5: 1620 daAuts
     D:2: 1591 daAuts
